 Dungeon Crawl Stone Soup version 0.21-a0-517-gd76cfe0 (webtiles) character file.

126 Firecrotchwizard the Charmwright (level 5, -2/43 HPs)
             Began as a Gnoll Skald on Dec 3, 2017.
             Slain by Donwell's ghost (7 damage)
             ... on level 3 of the Dungeon.
             The game lasted 00:03:39 (2463 turns).

Firecrotchwizard the Charmwright (Gnoll Skald)      Turns: 2463, Time: 00:03:40

Health: -2/43      AC:  6    Str: 14    XL:     5   Next: 9%
Magic:  10/12      EV: 13    Int: 15    God:
Gold:   110        SH:  0    Dex: 15    Spells: 9/14 levels left

rFire    . . .     SeeInvis +   q - +0 quarterstaff
rCold    . . .     Gourm    .   (shield currently unavailable)
rNeg     . . .     Faith    .   s - +0 ring mail
rPois    .         Spirit   .   u - +0 helmet
rElec    .         Reflect  .   (no cloak)
rCorr    .         Harm     .   (no gloves)
MR       .....                  (no boots)
Stlth    +.........             (no amulet)
HPRegen  0.14/turn              i - ring of see invisible (curse) {sInv, !d}
MPRegen  0.13/turn              (no ring)

@: infused
A: distributed training, fangs 1, strong nose
a: no special abilities


You were on level 3 of the Dungeon.
You were not hungry.

You visited 1 branch of the dungeon, and saw 3 of its levels.

You collected 110 gold pieces.

Inventory:

Hand Weapons
 a - a +0 spear
 q - a +0 quarterstaff (weapon)
   (You found it on level 3 of the Dungeon)
Armour
 b - a +0 leather armour
 s - a +0 ring mail (worn)
   (You found it on level 2 of the Dungeon)
 u - a +0 helmet (worn)
   (You found it on level 3 of the Dungeon)
Jewellery
 i - a cursed ring of see invisible (left hand) {sInv, !d}
   (You found it on level 1 of the Dungeon)
Scrolls
 g - a scroll of fog {unknown}
 j - 2 scrolls of identify {unknown}
 k - 2 scrolls of enchant armour {unknown}
 l - a scroll of remove curse {unknown}
 p - a scroll of enchant weapon {unknown}
 t - a scroll of teleportation {unknown}
Potions
 e - 2 potions of cancellation {unknown}
 h - a potion of flight {unknown}
 m - a potion of haste {unknown}
 n - a potion of degeneration {unknown}
 o - a potion of magic {unknown}
 r - a potion of agility {unknown}
Books
 c - a book of Battle
Comestibles
 d - 2 bread rations {@e1}
 f - 2 meat rations {@e2}
 v - a chunk of flesh {@w0}


   Skills:
 + Level 4.7 Fighting
 + Level 1.3 Short Blades
 + Level 1.3 Long Blades
 + Level 1.3 Axes
 + Level 1.3 Maces & Flails
 + Level 4.7 Polearms
 + Level 1.3 Staves
 + Level 1.3 Slings
 + Level 1.3 Bows
 + Level 1.3 Crossbows
 + Level 1.3 Throwing
 + Level 2.8 Armour
 + Level 4.7 Dodging
 + Level 1.3 Stealth
 + Level 1.3 Shields
 + Level 1.3 Unarmed Combat
 + Level 5.1 Spellcasting
 + Level 1.0 Conjurations
 + Level 1.0 Hexes
 + Level 5.5 Charms
 + Level 1.0 Summonings
 + Level 1.0 Necromancy
 + Level 1.0 Translocations
 + Level 1.0 Transmutations
 + Level 1.0 Fire Magic
 + Level 1.0 Ice Magic
 + Level 1.0 Air Magic
 + Level 1.0 Earth Magic
 + Level 1.0 Poison Magic
 + Level 1.4 Invocations
 + Level 1.3 Evocations


You had 9 spell levels left.
You knew the following spells:

 Your Spells              Type           Power        Failure   Level  Hunger
a - Infusion              Chrm           ###.         3%          1    None
s - Shroud of Golubria    Chrm/Tloc      ##........   12%         2    ##.....
S - Song of Slaying       Chrm           ###.....     4%          2    ##.....


Dungeon Overview and Level Annotations

Branches:
Dungeon (3/15)

Altars:
Makhleb
Trog
Vehumet
Wu Jian

Annotations:
D:3 Donwell's ghost, amateur DsMo


Innate Abilities, Weirdness & Mutations

Your experience applies equally to all skills.
You have very sharp teeth.
Your uncanny sense of smell can sniff out nearby items.


Message History

Eating a chunk of flesh {@w0}.
You eat the chunk of flesh {@w0}.
You see here a quarterstaff.
Things that are here:
a robe; a dagger You see here a quarterstaff.
q - a quarterstaff
q - a +0 quarterstaff (weapon)
u - a helmet You start putting on your armour.
You continue putting on your helmet. x4
You finish putting on your +0 helmet.
A kobold comes into view. It is wielding a dagger.
The kobold throws a stone.
The stone completely misses you. The kobold hits you but does no damage.
You see here 7 gold pieces.
You hit the kobold.
You kill the kobold!
No target in view!
You now have 110 gold pieces (gained 7).
Things that are here:
a dagger; 2 stones; a kobold corpse A bat and a jackal come into view.
The jackal barks!
You hear a shout!
You miss the bat. The bat misses you. The bat hits you but does no damage.
You miss the bat. The bat closely misses you. The jackal barely misses you.
You hit the jackal. The bat hits you but does no damage.
The jackal completely misses you.
You hit the jackal.
You kill the jackal!
The bat closely misses you. The bat hits you but does no damage.
You miss the bat. Your bite misses the bat. The bat closely misses you.
The bat misses you.
You see here a jackal corpse.
You miss the bat. Your bite misses the bat.
The bat hits you but does no damage.
Donwell's ghost (amateur Demonspawn Monk) comes into view.
The bat misses you.
You see here 23 stones.
The bat closely misses you. The bat hits you but does no damage.
You barely miss the bat. Your bite misses the bat. The bat misses you.
The bat hits you.
You take 1 damage, and have 42/43 hp.
You closely miss the bat. The bat barely misses you.
The bat hits you but does no damage.
Found an escape hatch in the floor.
You sock the bat!
You kill the bat!
No target in view!
No target in view!
You butcher the bat corpse.
v - a chunk of flesh {@w0} You see here 23 stones.
Donwell's ghost is too close now for your liking.
You see here a jackal corpse.
Health restored: 43 Space distorts slightly along a thin shroud covering your body.
You now have 10/12 mp.
You begin infusing your attacks with magical energy.
You now have 9/12 mp.
Your shroud bends Donwell's ghost's attack away.
You hit Donwell's ghost. Donwell's ghost closely misses you.
You hit Donwell's ghost but do no damage.
You bite Donwell's ghost, but do no damage.
Donwell's ghost hits you! Donwell's ghost closely misses you.
You take 7 damage, and have 36/43 hp.
You closely miss Donwell's ghost. Donwell's ghost hits you.
You take 4 damage, and have 32/43 hp.
You hit Donwell's ghost but do no damage.
Donwell's ghost misses you.
You hit Donwell's ghost. Donwell's ghost barely misses you.
You hit Donwell's ghost but do no damage.
Donwell's ghost hits you.
Your shroud falls apart!
Donwell's ghost hits you.
You take 2 damage, and have 31/43 hp.
You closely miss Donwell's ghost.
You bite Donwell's ghost, but do no damage.
Donwell's ghost hits you but does no damage.
You hit Donwell's ghost but do no damage.
Donwell's ghost barely misses you.
You hit Donwell's ghost. Donwell's ghost misses you.
You closely miss Donwell's ghost.
You bite Donwell's ghost, but do no damage.
Donwell's ghost hits you but does no damage.
You barely miss Donwell's ghost. Donwell's ghost hits you.
Donwell's ghost whispers, "It is all a dream - a grotesque and foolish dream."
Donwell's ghost hits you.
You take 8 damage, and have 23/43 hp.
You barely miss Donwell's ghost. Donwell's ghost hits you.
You take 5 damage, and have 18/43 hp.
You hit Donwell's ghost but do no damage.
Your bite misses Donwell's ghost. Donwell's ghost hits you!
* * * LOW HITPOINT WARNING * * *
You take 8 damage, and have 10/43 hp.
Your ring mail prevents you from hitting Donwell's ghost.
Donwell's ghost hits you.
* * * LOW HITPOINT WARNING * * *
You take 5 damage, and have 5/43 hp.
You hit Donwell's ghost. Donwell's ghost hits you!
You die...

#.♣.♣.♣.♣.......#
####...............#
#>...♣.....♣###.####
#...........# #.# ####
#....♣.....♣###)# #...#
#...............# ....#
##...♣#♣.♣.♣.#### .....#
#######.#####...†######.#...#
.......[.....W@..(...........
.<.....÷<.#...#####........#
........÷...### ###....#...
...........## ##...#
(....<....## #(...>
..........# ##....
.......#### #..# ....... ...
...#.#. ..


You could see Donwell's ghost.

Vanquished Creatures
  A hound (D:2)
  An orc wizard (D:3)
  3 adders (D:2)
  2 worms (D:2)
  A dart slug (D:3)
  2 orcs (D:3)
  A ball python (D:2)
  A giant cockroach (D:2)
  2 goblins
  A hobgoblin (D:1)
  5 jackals
  5 bats
  4 frilled lizards (D:2)
  7 kobolds
  3 rats
39 creatures vanquished.

Notes
Turn   | Place    | Note
-------+----------+-------------------------------------------
     0 | D:1      | Firecrotchwizard the Gnoll Skald began the quest for the Orb.
     0 | D:1      | Reached XP level 1. HP: 20/20 MP: 6/6
   693 | D:1      | Reached XP level 2. HP: 26/26 MP: 7/7
   703 | D:1      | Learned a level 2 spell: Shroud of Golubria
   706 | D:1      | Learned a level 2 spell: Song of Slaying
  1077 | D:2      | Reached XP level 3. HP: 31/31 MP: 9/9
  1095 | D:2      | Reached skill level 5 in Spellcasting
  1197 | D:2      | Reached skill level 1 in Invocations
  1440 | D:2      | Found a radiant altar of Vehumet.
  1494 | D:2      | Reached skill level 1 in Short Blades
  1494 | D:2      | Reached skill level 1 in Long Blades
  1494 | D:2      | Reached skill level 1 in Axes
  1494 | D:2      | Reached skill level 1 in Maces & Flails
  1494 | D:2      | Reached skill level 1 in Staves
  1494 | D:2      | Reached skill level 1 in Slings
  1494 | D:2      | Reached skill level 1 in Bows
  1494 | D:2      | Reached skill level 1 in Crossbows
  1494 | D:2      | Reached skill level 1 in Throwing
  1494 | D:2      | Reached skill level 1 in Stealth
  1494 | D:2      | Reached skill level 1 in Shields
  1494 | D:2      | Reached skill level 1 in Unarmed Combat
  1494 | D:2      | Reached skill level 1 in Evocations
  1615 | D:2      | Found an ornate altar of the Wu Jian Council.
  1616 | D:2      | Found a bloodstained altar of Trog.
  1665 | D:2      | Reached XP level 4. HP: 22/38 MP: 11/11
  1807 | D:2      | Found a burning altar of Makhleb.
  2094 | D:3      | Reached skill level 1 in Conjurations
  2094 | D:3      | Reached skill level 1 in Hexes
  2094 | D:3      | Reached skill level 1 in Summonings
  2094 | D:3      | Reached skill level 1 in Necromancy
  2094 | D:3      | Reached skill level 1 in Translocations
  2094 | D:3      | Reached skill level 1 in Transmutations
  2094 | D:3      | Reached skill level 1 in Fire Magic
  2094 | D:3      | Reached skill level 1 in Ice Magic
  2094 | D:3      | Reached skill level 1 in Air Magic
  2094 | D:3      | Reached skill level 1 in Earth Magic
  2094 | D:3      | Reached skill level 1 in Poison Magic
  2094 | D:3      | Reached XP level 5. HP: 11/43 MP: 9/12
  2096 | D:3      | HP: 10/43 [rat (1)]
  2103 | D:3      | HP: 5/43 [orc/short sword (1)]
  2112 | D:3      | HP: 5/43 [bat (1)]
  2431 | D:3      | Noticed Donwell's ghost (amateur DsMo)
  2461 | D:3      | HP: 10/43 [Donwell's ghost (8)]
  2463 | D:3      | Slain by Donwell's ghost

Vault maps used:
D:1:      lightli_arrival_statue_moat
D:2:      cheibrodos_old_hovel, gammafunk_temple_overflow_statue,
          vehumet_crystals, makhleb_blood_cavern_becter
D:3:      tgw_sif, serial_forest, infiniplex_forest_straight_2,
          infiniplex_forest_straight_2, infiniplex_forest_lined_room_2,
          infiniplex_forest_clump_diagonal, infiniplex_forest_clump_large,
          uniq_crazy_yiuf_cottage, uniq_grinder

Skill      XL: |  1  2  3  4 |
---------------+-------------+-----
Spellcasting   | 5 |  5.1
Invocations    | 1 |  1.4
Short Blades   | 1 |  1.3
Long Blades    | 1 |  1.3
Axes           | 1 |  1.3
Maces & Flails | 1 |  1.3
Staves         | 1 |  1.3
Slings         | 1 |  1.3
Bows           | 1 |  1.3
Crossbows      | 1 |  1.3
Throwing       | 1 |  1.3
Stealth        | 1 |  1.3
Shields        | 1 |  1.3
Unarmed Combat | 1 |  1.3
Evocations     | 1 |  1.3
Conjurations   | 1 |  1.0
Hexes          | 1 |  1.0
Summonings     | 1 |  1.0
Necromancy     | 1 |  1.0
Translocations | 1 |  1.0
Transmutations | 1 |  1.0
Fire Magic     | 1 |  1.0
Ice Magic      | 1 |  1.0
Air Magic      | 1 |  1.0
Earth Magic    | 1 |  1.0
Poison Magic   | 1 |  1.0
Fighting       | |  4.7
Polearms       | |  4.7
Armour         | |  2.8
Dodging        | |  4.7
Charms         | |  5.5

Action                   |  1- 3 |  4- 6 || total
-------------------------+-------+-------++-------
Melee: Spear             |   116 |    47 ||   163
       Bite              |     9 |     4 ||    13
       Punch             |     1 |       ||     1
       Quarterstaff      |       |    25 ||    25
 Cast: Infusion          |     1 |     1 ||     2
       Shroud of Golubri |     3 |     2 ||     5
 Stab: Sleeping          |     3 |       ||     3
  Eat: Chunk             |     2 |     3 ||     5
Armor: Leather armour    |    19 |       ||    19
       Ring mail         |       |    29 ||    29
Dodge: Dodged            |    57 |    97 ||   154

Table legend:
 A = Spawn XP
 B = Non-spawn XP
 C = Spawn XP percentage of total XP
 D = Spawn monster count
 E = Non-spawn monster count
 F = Spawn count percentage of total count
 G = Total turns spent on level
                    A         B        C        D         E        F      G
               +---------+---------+-------+---------+---------+-------+---------
         Total |       0 |     180 |   0.0 |       0 |      39 |   0.0 |  2463
               +---------+---------+-------+---------+---------+-------+---------
           D:1 |       0 |      12 |   0.0 |       0 |       7 |   0.0 |   916
           D:2 |       0 |     112 |   0.0 |       0 |      21 |   0.0 |  1414
           D:3 |       0 |      56 |   0.0 |       0 |      11 |   0.0 |   133
               +---------+---------+-------+---------+---------+-------+---------

Vault maps used:
D:1:      lightli_arrival_statue_moat
D:2:      cheibrodos_old_hovel, gammafunk_temple_overflow_statue,
          vehumet_crystals, makhleb_blood_cavern_becter
D:3:      tgw_sif, serial_forest, infiniplex_forest_straight_2,
          infiniplex_forest_straight_2, infiniplex_forest_lined_room_2,
          infiniplex_forest_clump_diagonal, infiniplex_forest_clump_large,
          uniq_crazy_yiuf_cottage, uniq_grinder

Table legend:
 A = Turns spent in this place as a percentage of turns spent in the entire game.
 B = Non-inter-level travel turns spent in this place as a percentage of non-inter-level travel turns spent in the entire game.
 C = Inter-level travel turns spent in this place as a percentage of turns spent in this place.
 D = Turns resting spent in this place as a percentage of non-inter-level travel turns spent in this place.
 E = Turns spent auto-exploring this place as a percentage of non-inter-level travel turns spent in this place.
 F = Non-inter-level travel turns spent in this place divided by the number of levels of this place that you've seen.
                   A       B       C       D       E      F
               +-------+-------+-------+-------+-------+----------------------
         Total | 100.0 | 100.0 |   2.2 |  34.8 |  51.6 | 803.0
       Dungeon | 100.0 | 100.0 |   2.2 |  34.8 |  51.6 | 803.0
               +-------+-------+-------+-------+-------+----------------------

Table legend:
 A = Kills in this place as a percentage of kills in entire the game.
 B = Kills by you in this place as a percentage of kills by you in the entire game.
 C = Kills by friends in this place as a percentage of kills by friends in the entire game.
 D = Other kills in this place as a percentage of other kills in the entire game.
 E = Experience gained in this place as a percentage of experience gained in the entire game.
 F = Experience gained in this place divided by the number of levels of this place that you have seen.
                   A       B       C       D       E      F
               +-------+-------+-------+-------+-------+----------------------
         Total | 100.0 | 100.0 |   N/A |   N/A | 100.0 |  60.0
       Dungeon | 100.0 | 100.0 |   N/A |   N/A | 100.0 |  60.0
               +-------+-------+-------+-------+-------+----------------------
